 Dungeon Crawl Stone Soup version 0.26.1-11-gd32895ea62 (webtiles) character file.

Game seed: 12321860168513598315

114 nomophobia the Chopper (level 4, -2/35 HPs)
             Began as a Demonspawn Berserker on May 23, 2021.
             Was a Believer of Trog.
             Killed from afar by an orc wizard (6 damage)
             ... with a magic dart
             ... on level 3 of the Dungeon on May 24, 2021.
             The game lasted 00:14:07 (2325 turns).

nomophobia the Chopper (Demonspawn Berserker)       Turns: 2325, Time: 00:14:07

Health: -2/35      AC: 10    Str: 19    XL:     4   Next: 66%
Magic:  4/4        EV:  8    Int:  8    God:    Trog [**....]
Gold:   141        SH:  0    Dex: 12    Spells: 3/3 levels left

rFire    . . .     SeeInvis .   a - +0 hand axe
rCold    . . .     Faith    .   (no shield)
rNeg     . . .     Spirit   .   j - +0 chain mail
rPois    .         Reflect  .   (no helmet)
rElec    .         Harm     .   n - +0 cloak
rCorr    .         Rampage  .   (no gloves)
Will     .....                  (no boots)
Stlth    ..........             (no amulet)
HPRegen  0.11/turn              (no ring)
MPRegen  0.09/turn              (no ring)

@: slowed, very slow
A: powered by death 1, miasma immunity
a: Renounce Religion, Berserk, Trog's Hand


You were on level 3 of the Dungeon.
You worshipped Trog.
Trog was pleased with you.
You visited 1 branch of the dungeon, and saw 3 of its levels.

You collected 141 gold pieces.

Inventory:

Hand Weapons
 a - a +0 hand axe (weapon)
Armour
 j - a +0 chain mail (worn)
 n - a +0 cloak (worn)
Jewellery
 m - a cursed amulet of inaccuracy {unknown}
Scrolls
 b - a scroll of magic mapping {unknown}
 c - a scroll of enchant weapon {unknown}
 d - 2 scrolls of remove curse {unknown}
 h - 3 scrolls of fear {unknown}
 i - 2 scrolls of identify {unknown}
 l - 2 scrolls of fog {unknown}
 p - a scroll of blinking {unknown}
Potions
 e - 2 potions of curing {unknown}
 f - 3 potions of flight {unknown}
 g - a potion of haste {unknown}
 k - a potion of might {unknown}
 o - a potion of degeneration {unknown}
 q - a potion of heal wounds {unknown}


   Skills:
 + Level 3.5 Fighting
 * Level 3.7 Axes
 * Level 3.1 Armour
 - Level 1.7 Dodging


You had 3 spell levels left.
You didn't know any spells.
Your spell library was empty.

Dungeon Overview and Level Annotations

Branches:
Dungeon (3/15)

Altars:
Wu Jian
Yredelemnul


Innate Abilities, Weirdness & Mutations

You regenerate a little health from kills.
You are immune to miasma.


Message History

The orc wizard is lightly wounded.
You barely miss the orc wizard. You hit the orc but do no damage.
The orc wizard gestures wildly while chanting.
The orc wizard blinks!
The orc wizard gestures at you while chanting.
The magic dart hits you but does no damage.
The orc barely misses you.
The orc wizard hits you with a cursed -2 dagger.
* * * LOW HITPOINT WARNING * * *
The orc hits you but does no damage.
You barely miss the orc wizard.
The orc wizard is lightly wounded.
You hit the orc but do no damage. The orc wizard casts a spell at you.
The magic dart hits you.
* * * LOW HITPOINT WARNING * * *
The orc wizard hits you but does no damage.
The orc wizard casts a spell at you. The magic dart hits you.
You die...

#....'..#.#..#.#.#
#....####.#.>....#
###### #.##.#.###
#.##.#?# #......#
#....### #..o...#
#.##ยง).# #+ #@).#
#....oo..#
#........#
#.....#### #.....
#..... #...?.
######


You could see 2 orc wizards and an orc.

Vanquished Creatures
  A centaur skeleton (D:2)
  2 adders (D:2)
  An ooze (D:2)
  3 worms (D:2)
  2 dart slugs
  2 leopard geckos (D:1)
  2 orcs (D:3)
  3 giant cockroaches
  5 goblins
  4 hobgoblins (D:1)
  7 jackals (D:2)
  A quokka (D:2)
  2 bats (D:1)
  5 frilled lizards
  2 kobolds (D:2)
  7 rats
49 creatures vanquished.

Notes
Turn   | Place    | Note
-------+----------+-------------------------------------------
     0 | D:1      | nomophobia the Demonspawn Berserker began the quest for the
                  | Orb.
     0 | D:1      | Reached XP level 1. HP: 18/18 MP: 1/1
   218 | D:1      | Gained mutation: You are immune to miasma. [demonic
                  | ancestry]
   218 | D:1      | Reached XP level 2. HP: 21/24 MP: 2/2
   848 | D:2      | Found a basalt altar of Yredelemnul.
   881 | D:2      | Gained mutation: You regenerate a little health from kills.
                  | [demonic ancestry]
   881 | D:2      | Reached XP level 3. HP: 28/29 MP: 3/3
  1018 | D:2      | Reached ** piety under Trog
  1026 | D:2      | Reached XP level 4. HP: 12/35 MP: 4/4
  2284 | D:3      | Found an ornate altar of the Wu Jian Council.
  2325 | D:3      | Killed from afar by an orc wizard

Illustrated notes

Levels and vault maps discovered:
D:1:      onia_arrival_pentagram, layout_loops_ring, minmay_split_cup_large
D:2:      minmay_spotlight, layout_basic, yredelemnul_altar_generic
D:3:      layout_basic, lemuel_crystal_altar, grunt_temple_overflow_open

Skill      XL: |  1  2  3  4 |
---------------+-------------+-----
Armour         | 2 3 |  3.1
Axes           | 3 |  3.7
Fighting       | |  3.5
Dodging        | |  1.7

Action                   |  1- 3 |  4- 6 || total
-------------------------+-------+-------++-------
Melee: Hand axe          |    97 |    92 ||   189
Invok: Berserk           |     1 |       ||     1
 Stab: Sleeping          |     1 |       ||     1
Armor: Animal skin       |    12 |       ||    12
       Chain mail        |    25 |    54 ||    79
Dodge: Dodged            |    50 |    45 ||    95
